 Dungeon Crawl Stone Soup version 0.27.1-34-g3ba077fa99 (console) character file.

Game seed: 14904819147230761824

68 Banquo the Skirmisher (level 4, -1/31 HPs)
             Began as a Djinni Chaos Knight on Jan 2, 2022.
             Was a Plaything of Xom.
             Killed by nerve-wracking pain
             ... invoked by an orc priest
              (6 damage)
             ... on level 3 of the Dungeon.
             The game lasted 00:07:42 (3475 turns).

Banquo the Skirmisher (Djinni Chaos Knight)         Turns: 3475, Time: 00:07:42

Health: -1/31      AC:  9    Str: 12    XL:     4   Next: 41%
Gold:   76         EV: 11    Int: 13    God:    Xom [....*.] SH:  4 Dex: 13

rFire    + + .     SeeInvis .   a - +0 hand axe (chaos)
rCold    x . .     Faith    .   i - +0 buckler
rNeg     . . .     Spirit   .   b - +2 leather armour
rPois    ∞         Reflect  .   (no helmet)
rElec    .         Harm     .   (no cloak)
rCorr    .         Rampage  .   (no gloves)
Will     .....                  (boots unavailable)
Stlth    ++........             (no amulet)
HPRegen  0.10/turn              A - +4 ring of protection
MPRegen  0.00/turn              (no ring)

@: brilliant, flying, very slightly contaminated
A: sickness immunity, fire resistance 2, cold vulnerability 1, float, innate
caster, hp casting, extra vitality 1, camouflage 1, frail 1
a: Renounce Religion


You were on level 3 of the Dungeon.
You worshipped Xom.
You were a beloved toy of Xom.
You visited 1 branch of the dungeon, and saw 3 of its levels.

You collected 76 gold pieces.

Inventory:

Hand Weapons
 a - a +0 hand axe of chaos (weapon)
Missiles
 d - 127 stones (quivered)
 j - 8 silver javelins
Armour
 b - a +2 leather armour (worn)
 i - a +0 buckler (worn)
Jewellery
 A - a +4 ring of protection (left hand)
Scrolls
 c - 4 scrolls of teleportation {unknown}
 e - a scroll of fog {unknown}
 g - a scroll of immolation {unknown}
 h - a scroll of vulnerability {unknown}
Potions
 f - 3 potions of curing {unknown}


   Skills:
 - Level 3.1 Fighting
 - Level 2.9 Axes
 * Level 2.1 Armour
 - Level 2.4 Dodging
 * Level 1.3 Shields
 * Level 0.9 Spellcasting


You had 3 spell levels left.
You knew the following spells:

 Your Spells              Type           Power      Damage    Failure   Level
a - Shock                 Conj/Air       16%        1d4       34%         1
Your spell library was empty.

Dungeon Overview and Level Annotations

Branches:
Dungeon (3/15)

Altars:

Annotations:
D:3 2 transporters, MisterT's ghost, amateur HOMo


Innate Abilities, Weirdness & Mutations

You are immune to sickness and miasma.
You are immune to poison.
Your flesh is very heat resistant. (rF++)
You are vulnerable to cold. (rC-)
You float through the air rather than walking.
You learn spells naturally, not from books.
Your magical power is your life essence.
You have superior vitality. (+4 HP)
Your skin changes colour to match your surroundings (Stealth+).
You are frail. (-10% HP)


Message History

You miscast Shock.
Nothing appears to happen.
The orc priest miscasts a cantrip.
Unknown command.
Casting: Shock (safe; 34% risk of failure)
Confirm with . or Enter, or press ? or * to list all spells.
Aiming: Shock (safe; 34% risk of failure)
Press: ? - help, Shift-Dir - straight line, f/p - orc priest
Aim: an orc priest, wielding a +0 club and wearing a +0 chain mail (lightly wounded, 74% to hit)
The zap hits the orc priest but does no damage.
The orc priest is lightly wounded.
You hit the orc priest but do no damage.
The orc priest is lightly wounded.
Xom smiles on you.
You feel clever all of a sudden.
The orc priest mumbles some strange prayers to Beogh against you.
Pain shoots through your body!
The orc priest shouts!
You hit the orc priest but do no damage.
The orc priest flickers and vanishes!
Deactivating autopickup; reactivate with Ctrl-A.
Something hits you but does no damage.
The orc priest looks braver for a moment.
You hear something mumble some strange prayers to Beogh against you.
Something tries to affect you, but you resist.
The orc priest looks satisfied for a moment.
You hit something but do no damage.
You hear something call down the wrath of Beogh upon you.
Beogh smites you!
* * * LOW HITPOINT WARNING * * *
A shower of butterflies erupts from you!
The orc priest invokes the aid of Beogh against you.
Your butterfly writhes in agony!
Your butterfly dies!
Your butterfly disappears in a puff of smoke!
You hit something. Something hits you but does no damage.
You barely miss something.
You hear something invoke the aid of Beogh against you.
Pain shoots through your body!
You die...
Xom cackles wildly!

..###....#####.........†...#.....
......##.# ###...........#.....
#####.##.# #.#..)#.##.##.....
#.##.# #.#...#.##.##.....
#####.##.# #####.#...#(##........
o........# #........##.#######.##
#####.#### #.###.......# #... #.#
#.#####)o#### #### #.# #.##.@{..#
####### ..# #.#...#.#######.....#
### #.....b....^.##.###.#
#....bb.........# #.#
#..#...b..>#.##.###.#
#..##......#.##.....#
#...##....##.####..##
####.....#......# ##.#
#..............## #.#


You could see an orc priest.

Vanquished Creatures
  An adder (D:2)
  A dart slug (D:1)
  2 orcs (D:3)
  8 bats
  6 endoplasms
  2 giant cockroaches
  8 goblins
  6 hobgoblins
  A kobold (D:1)
  A quokka (D:2)
  6 ball pythons
  3 frilled lizards (D:1)
  7 rats
52 creatures vanquished.

Vanquished Creatures (others)
  2 goblins (D:2)
  A hobgoblin (D:2)
  2 kobolds (D:2)
  4 fungi (D:1)
  5 plants (D:1)
14 creatures vanquished.

Grand Total: 66 creatures vanquished

Notes
Turn   | Place    | Note
-------+----------+-------------------------------------------
     0 | D:1      | Banquo the Djinni Chaos Knight began the quest for the Orb.
     0 | D:1      | Reached XP level 1. HP: 20/20 MP: 0/0
   159 | D:1      | XOM: noise
   193 | D:1      | XOM: cloud trail
   197 | D:1      | XOM: divination: magic mapping
   370 | D:1      | Reached XP level 2. HP: 24/25 MP: 0/0
   753 | D:1      | Found a faded altar of an unknown god.
   864 | D:1      | Reached XP level 3. HP: 29/30 MP: 0/0
   864 | D:1      | Learned a level 1 spell: Shock
   964 | D:1      | Reached skill level 1 in Shields
  1088 | D:1      | XOM: silly message
  1270 | D:1      | XOM: summons 2 hostile demons
  1271 | D:1      | Noticed a red devil
  1271 | D:1      | Noticed a chaos spawn
  1304 | D:1      | XOM: butterfly on damage
  1328 | D:2      | XOM: give mutations
  1328 | D:2      | Gained mutation: You are frail. (-10% HP) [Xom's mischief]
  1328 | D:2      | Gained mutation: Your skin changes colour to match your
                  | surroundings (Stealth+). [Xom's mischief]
  1328 | D:2      | Gained mutation: You are very frail. (-20% HP) [Xom's
                  | mischief]
  1328 | D:2      | Lost mutation: You are very frail. (-20% HP) [Xom's
                  | mischief]
  1585 | D:2      | XOM: cleaving
  1595 | D:2      | Reached XP level 4. HP: 25/31 MP: 0/0
  1784 | D:2      | XOM: noise
  2265 | D:2      | XOM: silly message
  2442 | D:2      | XOM: cloud trail
  2446 | D:2      | XOM: summons 3 hostile demons
  2470 | D:3      | HP: 1/31 [ball python (2)]
  2930 | D:3      | Found a transporter.
  2930 | D:3      | Identified the +1 great mace "Goosch" {venom, rElec rPois
                  | rN++}
  2930 | D:3      | Noticed an ogre
  2932 | D:3      | Noticed MisterT's ghost (amateur HOMo)
  2933 | D:3      | Noticed an ogre
  2938 | D:3      | Found a transporter.
  3471 | D:3      | XOM: potion effect (brilliance)
  3473 | D:3      | XOM: butterfly on damage
  3475 | D:3      | Killed from afar by an orc priest

Illustrated notes

Levels and vault maps discovered:
D:1:      mrwooster_arrival_statue_2, layout_loops_corners,
          dreamdust_ecumenical_altar_grove
D:2:      layout_basic, serial_glass, glass_columns_c, glass_columns_b,
          glass_columns_b, glass_columns_a, glass_columns_b, glass_columns_a,
          lemuel_flame_loot_1
D:3:      layout_loops_cross, gammafunk_ghost_smash, minmay_fountain_box

Skill      XL: |  1  2  3  4 |
---------------+-------------+-----
Shields        | 1 |  1.3
Armour         | 2 |  2.1
Fighting       | |  3.1
Axes           | |  2.9
Dodging        | |  2.4
Spellcasting   | |  0.9

Action                   |  1- 3 |  4- 6 || total
-------------------------+-------+-------++-------
Melee: Hand axe          |    91 |    29 ||   120
 Cast: Shock             |    10 |    41 ||    51
 Stab: Sleeping          |     1 |     3 ||     4
Armor: Leather armour    |    32 |    27 ||    59
Dodge: Dodged            |    51 |    25 ||    76
Block: Buckler           |    11 |     9 ||    20
